 Dungeon Crawl Stone Soup version 0.13-a0-2537-g1f6edf4 (webtiles) character file.

268 Kae the Slasher (level 5, -3/36 HPs)
             Began as a High Elf Gladiator on July 27, 2013.
             Killed from afar by an orc wizard (9 damage)
             ... with a puff of flame
             ... on Level 3 of the Dungeon.
             The game lasted 00:07:08 (4727 turns).

Kae the Slasher (High Elf Gladiator)                Turns: 4727, Time: 00:07:09

HP  -3/36        AC  4     Str 14      XL: 5   Next: 16%
MP   7/7         EV 12     Int 12      God:
Gold 110         SH  0     Dex 16      Spells:  0 memorised,  4 levels left

Res.Fire  : . . .   See Invis. : .   a - +0 elf falchion
Res.Cold  : + . .   Warding    : .   l - +0 leather armour {rC+}
Life Prot.: . . .   Conserve   : .   (no shield)
Res.Poison: .       Res.Corr.  : .   c - +0 helmet
Res.Elec. : .       Clarity    : .   (no cloak)
Sust.Abil.: . .     Spirit.Shd : .   (no gloves)
Res.Mut.  : .       Stasis     : .   (no boots)
Res.Rott. : .       Flight     : .   (no amulet)
Saprovore : . . .                    (no ring)
                                     (no ring)

@: slowed, very slow, slightly resistant to hostile enchantments, unstealthy
A: no striking features
a: no special abilities


You were on level 3 of the Dungeon.
You were very hungry.

You visited 1 branch of the dungeon, and saw 3 of its levels.

You collected 90 gold pieces.

Inventory:

Hand weapons
 a - a +0,+0 elven falchion (weapon)
Missiles
 d - 3 throwing nets (quivered)
Armour
 b - a +0 elven leather armour
 c - a +0 helmet (worn)
 l - a +0 leather armour of cold resistance (worn)
Comestibles
 f - 3 bread rations
 n - a pear
 q - a choko
Scrolls
 e - a scroll of curse weapon {unknown}
 g - 6 scrolls of identify {unknown}
 h - 2 scrolls of fear {unknown}
 i - 2 scrolls of teleportation {unknown}
 j - 2 scrolls of blinking {unknown}
 m - a scroll of random uselessness {unknown}
 p - a scroll of enchant weapon I {unknown}
 r - a scroll of curse jewellery {unknown}


   Skills:
 - Level 2.0 Fighting
 + Level 7.1 Long Blades
 - Level 2.1 Throwing
 - Level 3.2 Dodging


You had 4 spell levels left.
You didn't know any spells.

Dungeon Overview and Level Annotations

Branches:
Dungeon (3/27)

Altars:
Ashenzari
Xom
Zin

Annotations
D:3 Purgy


Message History

The orc wizard hits you with an orcish dagger.
* * * LOW HITPOINT WARNING * * *
The orc wizard misses you.
The orc wizard becomes somewhat translucent.
The orc wizard hits you but does no damage.
The orc wizard hits you with an orcish dagger.
* * * LOW HITPOINT WARNING * * *
The orc wizard misses you.
The orc wizard hits you but does no damage.
The orc wizard barely misses you.
The orc wizard hits you with an orcish dagger.
* * * LOW HITPOINT WARNING * * *
There is a stone staircase leading up here.
You hit the orc wizard.
The orc wizard is almost dead.
The orc wizard mumbles some strange words.
The orc wizard blinks!
The orc wizard gestures at you while chanting.
The puff of flame hits you!
You die...

#.# #.###...[>.#......#. #.#
####.# #.)....#........ #.# #....#
#......###.##.## #####.# #....#
#............... ...##.# #....#
#.....####.##.## ##.##.#
#....####....####.#.... #.##.#
#....#....>.....#.#..#. ##.##.#
#....#.###.####.#.#..#.
....#.#####....#@........(#.#..#.
......o...'....o.ยง...######.#..#.
..^..%#####....#.................
##..#.#####....#.###.#########...
##........####...................
.................................
####......##...#...#.############
#.........)+...'...[.............
####......##...#...#.############


You could see an orc wizard.

Vanquished Creatures
  9 adders (D:2)
  A worm (D:2)
  An orc (D:3)
  10 goblins
  8 hobgoblins
  A quokka (D:2)
  9 bats
  9 giant cockroaches
  4 giant geckos
  5 giant newts
  6 kobolds
  11 rats
74 creatures vanquished.

Notes
Turn   | Place    | Note
--------------------------------------------------------------
     0 | D:1      | Kae, the High Elf Gladiator, began the quest for the Orb.
     0 | D:1      | Reached XP level 1. HP: 15/15 MP: 1/1
   138 | D:1      | Reached skill level 4 in Long Blades
   419 | D:1      | Reached XP level 2. HP: 1/20 MP: 2/2
  1726 | D:2      | Reached skill level 5 in Long Blades
  1726 | D:2      | Reached XP level 3. HP: 16/25 MP: 4/4
  2041 | D:2      | Found a shimmering altar of Xom.
  2466 | D:2      | Found a shattered altar of Ashenzari.
  2500 | D:2      | Reached skill level 6 in Long Blades
  2500 | D:2      | Reached XP level 4. HP: 29/31 MP: 6/6
  3356 | D:2      | Reached XP level 5. HP: 18/36 MP: 7/7
  3882 | D:3      | Reached skill level 7 in Long Blades
  4011 | D:3      | Noticed Purgy
  4652 | D:3      | Found a glowing silver altar of Zin.
  4723 | D:3      | HP: 1/36 [orc wizard/orcish dagger (1)]
  4727 | D:3      | Killed from afar by an orc wizard

Action                   |  1- 3 |  4- 6 || total
-------------------------+-------+-------++-------
Melee: Falchion          |   147 |   184 ||   331
  Use: Potion            |       |     2 ||     2
 Stab: Sleeping          |     1 |       ||     1
